Map: [ESL] Oceanborn

Players

Cyan

  • Race: Protoss Protoss
  • Spawn Location: 11:00

Dark - Winner!

  • Race: Zerg Zerg
  • Spawn Location: 5:00

Event: IEM Katowice 2024

VOD

Have the link to the VOD?

Description

Time

  • Played on: Feb. 9, 2024, 9:46 a.m.
  • Length: 10:44

All games in this series

Show
View Real Time Build Order
Export as new Build Order

Cyan Protoss 

Build Orders: Nexus First, Mass Adepts 

Get SALT Encoding   

  12  0:00  Probe  
  13  0:12  Probe  
  14  0:18  Pylon  
  14  0:24  Probe  
  15  0:36  Probe (Chrono Boost)  
  16  0:46  Probe (Chrono Boost)  
  17  0:51  Probe (Chrono Boost)  
  18  1:00  Nexus  
  18  1:10  Gateway  
  18  1:12  Probe  
  18  1:17  Assimilator  
  19  1:24  Probe  
  20  1:26  Assimilator  
  20  1:31  Pylon  
  20  1:37  Probe  
  21  1:43  Gateway  
  21  1:49  Probe  
  22  1:58  Cybernetics Core  
  22  2:01  Probe  
  23  2:04  Zealot  
  25  2:12  Probe (Chrono Boost)  
  27  2:17  Probe (Chrono Boost)  
  28  2:23  Probe (Chrono Boost)  
  28  2:28  Probe x2 (Chrono Boost)  
  30  2:31  Adept x2 (Chrono Boost)  
  30  2:34  Warp Gate  
  34  2:37  Probe  
  34  2:38  Probe  
  36  2:49  Probe  
  36  2:50  Probe  
  38  2:54  Adept x2  
  42  3:00  Pylon  
  42  3:01  Probe  
  42  3:05  Probe  
  44  3:09  Twilight Council  
  44  3:13  Probe  
  44  3:17  Probe  
  46  3:25  Adept x2  
  50  3:30  Probe  
  50  3:32  Probe  
  48  3:37  Robotics Facility  
  48  3:40  Gateway  
  48  3:42  Gateway  
  48  3:44  Probe  
  49  3:48  Pylon  
  49  3:50  Resonating Glaives (Chrono Boost)  
  49  4:00  Probe  
  50  4:04  Probe  
  49  4:12  Pylon  
  49  4:13  Probe  
  48  4:21  Nexus  
  48  4:22  Pylon  
  48  4:23  Adept x2  
  48  4:24  Warp Prism (Chrono Boost)  
  54  4:31  Assimilator  
  54  4:37  Stalker  
  56  4:40  Adept  
  56  4:44  Shield Battery, Adept  
  60  4:46  Adept  
  62  4:53  Observer  
  62  4:54  Pylon  
  62  4:56  Probe  
  62  4:57  Probe  
  65  5:11  Adept x4  
  65  5:13  Probe x2  
  75  5:18  Immortal (Chrono Boost)  
  79  5:25  Pylon  
  79  5:31  Adept  
  79  5:32  Adept x2  
  79  5:33  Adept  
  87  5:41  Probe  
  87  5:42  Probe  
  89  5:43  Probe  
  89  5:46  Pylon  
  89  5:48  Immortal (Chrono Boost)  
  92  6:10  Adept x2  
  92  6:11  Adept x2  
  100  6:20  Probe  
  100  6:23  Gateway, Immortal (Chrono Boost)  
  100  6:25  Gateway  
  101  6:27  Gateway  
  101  6:29  Gateway  
  101  6:30  Forge  
  101  6:31  Blink (Chrono Boost)  
  105  6:39  Adept x2  
  109  6:40  Adept x2  
  113  6:47  Probe x2  
  113  6:48  Probe  
  113  6:50  Pylon  
  116  6:56  Pylon  
  116  6:57  Pylon  
  116  6:59  Protoss Ground Weapons Level 1 (Chrono Boost)  
  116  7:11  Adept x4  
  124  7:17  Probe  
  107  7:34  Adept  
  107  7:35  Adept x7  
  93  7:42  Immortal (Chrono Boost)  
  78  7:57  Zealot x7, Stalker  
  82  8:02  Probe  
  82  8:03  Shield Battery  
  82  8:04  Probe  
  82  8:06  Shield Battery  
  82  8:07  Probe, Pylon  
  82  8:08  Shield Battery  
  82  8:09  Pylon  
  83  8:13  Immortal (Chrono Boost)  
  83  8:17  Assimilator  
  83  8:18  Stalker x4  
  95  8:20  Stalker, Adept  
  95  8:21  Zealot x2  
  87  8:42  Zealot, Stalker  
  87  8:47  Immortal, Stalker x4  
  97  8:54  Stalker  
  95  8:59  Stalker  
  93  9:06  Stalker  
  87  9:14  Zealot x2, Stalker x2  
  87  9:15  Zealot  
  79  9:18  Stalker  
  79  9:23  Stalker  
  73  9:31  Stalker  
  63  9:32  Probe  
  63  9:36  Probe  
  63  9:37  Stalker  
  60  9:45  Stalker  
  60  9:46  Stalker  
  60  9:50  Stalker  
  55  9:53  Stalker  
  56  10:03  Stalker  
  56  10:04  Zealot x3  
  55  10:10  Stalker  
  51  10:14  Stalker  
  51  10:18  Stalker  
  47  10:25  Stalker  
  49  10:30  Stalker  
  49  10:36  Stalker  
Show
View Real Time Build Order
Export as new Build Order

Dark Zerg - Winner!

Build Orders: Hatch First 

Get SALT Encoding   

  12  0:00  Drone  
  13  0:08  Drone  
  14  0:14  Extractor, Drone  
  15  0:37  Hatchery  
  14  0:42  Extractor  
  14  0:43  Drone  
  14  0:49  Overlord  
  15  1:04  Spawning Pool  
  14  1:07  Drone  
  14  1:09  Drone  
  16  1:13  Drone  
  17  1:20  Drone  
  18  1:27  Extractor  
  18  1:31  Drone  
  18  1:41  Drone  
  19  1:50  Queen x2  
  19  1:51  Zergling x2  
  19  1:53  Drone  
  25  2:04  Drone, Overlord  
  26  2:12  Drone x2  
  28  2:23  Zergling x2  
  28  2:24  Drone  
  28  2:26  Queen  
  32  2:34  Overlord  
  32  2:35  Drone  
  33  2:45  Drone  
  33  2:47  Hatchery  
  33  2:53  Drone  
  33  2:54  Drone  
  35  3:00  Zergling x4  
  35  3:01  Zergling x4  
  39  3:06  Queen  
  39  3:12  Overlord  
  41  3:14  Drone  
  41  3:15  Drone  
  42  3:23  Drone  
  42  3:29  Drone  
  42  3:30  Metabolic Boost  
  42  3:31  Drone  
  43  3:36  Drone x3  
  43  3:37  Drone x2  
  48  3:44  Drone x2  
  50  3:49  Roach Warren  
  50  3:50  Extractor  
  50  3:54  Overlord  
  48  3:56  Drone x2  
  48  3:57  Extractor  
  49  4:07  Drone x5  
  50  4:11  Drone  
  50  4:12  Drone  
  50  4:16  Drone x3  
  54  4:17  Drone  
  54  4:22  Drone x2  
  57  4:31  Roach x2  
  61  4:33  Roach  
  61  4:38  Overlord  
  63  4:42  Overlord  
  63  4:44  Roach  
  65  4:49  Lair  
  65  4:58  Overlord  
  65  5:02  Ravager x2  
  65  5:03  Zergling x12  
  65  5:07  Overlord  
  73  5:11  Overlord x2  
  73  5:14  Overlord  
  73  5:17  Ravager x2  
  73  5:18  Drone x3  
  73  5:19  Drone x2  
  80  5:22  Zergling x2  
  80  5:24  Overlord  
  80  5:26  Roach x2  
  85  5:31  Roach x2  
  85  5:34  Roach  
  85  5:35  Roach  
  93  5:37  Drone  
  93  5:39  Drone  
  95  5:44  Drone  
  95  5:48  Glial Reconstitution  
  96  5:50  Roach x2  
  96  5:52  Drone x4  
  98  6:08  Drone x3  
  101  6:15  Roach x3  
  106  6:19  Drone x3  
  106  6:20  Overseer  
  106  6:23  Drone x5  
  114  6:25  Extractor  
  114  6:26  Roach  
  114  6:28  Drone  
  114  6:30  Drone  
  114  6:31  Evolution Chamber  
  116  6:38  Drone x2  
  116  6:39  Drone x2  
  120  6:42  Extractor  
  119  6:48  Roach  
  119  6:51  Overlord x6  
  121  7:00  Roach, Ravager  
  122  7:05  Overlord  
  120  7:09  Roach x8  
  120  7:10  Ravager x2  
  120  7:14  Zerg Missile Weapons Level 1  
  120  7:15  Zergling x12  
  143  7:25  Roach  
  143  7:27  Roach x2  
  122  7:36  Roach x2  
  122  7:37  Roach x7  
  115  7:42  Roach  
  115  7:44  Roach x2  
  122  7:46  Roach  
  122  7:49  Roach  
  122  7:50  Roach  
  122  8:01  Roach x2  
  122  8:02  Roach  
  122  8:04  Zergling x4  
  128  8:06  Zergling x2  
  128  8:07  Ravager  
  128  8:10  Zergling x4  
  132  8:13  Ravager  
  132  8:14  Zergling x2  
  132  8:18  Ravager  
  135  8:20  Zergling x4  
  135  8:23  Roach  
  138  8:29  Roach  
  138  8:32  Roach x4  
  147  8:36  Roach  
  147  8:38  Roach x2  
  147  8:40  Roach  
  149  8:43  Roach x2  
  149  8:47  Roach  
  147  8:52  Zergling x2  
  146  8:55  Roach  
  146  8:57  Roach  
  146  9:02  Roach  
  146  9:03  Roach x4  
  146  9:05  Roach x3  
  146  9:12  Zergling x2  
  146  9:14  Roach  
  136  9:19  Zergling x2  
  136  9:22  Roach  
  127  9:29  Zergling x4  
  115  9:32  Zergling x2  
  115  9:33  Zergling x2  
  115  9:34  Zergling x4  
  115  9:35  Zergling x2  
  116  9:41  Roach  
  112  9:46  Roach  
  112  9:47  Roach  
  112  9:48  Roach x3  
  112  9:50  Roach x2  
  112  9:51  Roach x2  
  126  9:56  Roach  
  121  10:02  Roach  
  121  10:05  Roach x3  
  123  10:09  Roach  
  123  10:10  Roach  
  124  10:16  Roach x2  
  124  10:17  Roach  
  127  10:24  Drone  

Tags
 
Add a new tag
Caveats
  • Supply blocks, unpowered buildings, or Contaminate may cause inaccurate times.
  • Supply counts are checked every 10 seconds.